 Dungeon Crawl Stone Soup version 0.18.1-1-g2f07953 (webtiles) character file.

204 Scarto the Shield-Bearer (level 5, -1/33 HPs)
             Began as a Gargoyle Fighter on May 7, 2016.
             Killed by divine providence
             ... invoked by an orc priest
              (16 damage)
             ... on level 4 of the Dungeon.
             The game lasted 00:05:26 (2300 turns).

Scarto the Shield-Bearer (Gargoyle Fighter)         Turns: 2300, Time: 00:05:27

Health: -1/33      AC: 16    Str: 20    XL:     5   Next: 82%
Magic:  5/5        EV:  6    Int:  9    God:
Gold:   215        SH: 11    Dex:  9    Spells: 0 memorised, 4 levels left

rFire  . . .     SeeInvis .     c - +2 whip (drain)
rCold  . . .     Gourm    .     l - +0 chain mail
rNeg   + . .     Faith    .     j - +2 shield
rPois  ∞         Spirit   .     (no helmet)
rElec  +         Dismiss  .     h - +0 cloak
rCorr  .         Reflect  .     (no gloves)
SustAt .         Harm     .     n - +1 pair of boots
MR     .....                    (no amulet)
Stlth  ..........               (no ring)
                                (no ring)

@: not resistant to hostile enchantments, extremely unstealthy
A: negative energy resistance 1, electricity resistance, unbreathing,
petrification resistance, rot immunity, AC +4
a: no special abilities


You were on level 4 of the Dungeon.
You were not hungry.

You visited 1 branch of the dungeon, and saw 4 of its levels.

You collected 215 gold pieces.

Inventory:

Hand Weapons
 a - a +0 flail
 c - a +2 whip of draining (weapon)
Missiles
 m - 2 tomahawks (quivered)
Armour
 h - a +0 cloak (worn)
 j - a +2 shield (worn)
 l - a +0 chain mail (worn)
 n - a +1 pair of boots (worn)
Scrolls
 b - a scroll of noise {unknown}
 o - 2 scrolls of blinking
 p - a scroll of teleportation {unknown}
Potions
 d - a potion of might
 e - a potion of haste
 i - a potion of ambrosia {unknown}
Comestibles
 f - 4 bread rations
 g - 5 meat rations
 k - a slice of pizza


   Skills:
 + Level 4.1 Fighting
 + Level 2.6 Maces & Flails
 + Level 4.3 Armour
 + Level 1.2 Dodging
 + Level 0.2 Stealth
 + Level 5.0 Shields


You had 4 spell levels left.
You didn't know any spells.

Dungeon Overview and Level Annotations

Branches:
Dungeon (4/15)
 Temple: D:4-7

Altars:
Dithmenos
Okawaru


Innate Abilities, Weirdness & Mutations

You are resistant to torment.
Your stone body is resilient (AC +4).
You are immune to poison.
You resist negative energy.
You are resistant to electric shocks.
You can survive without breathing.
You are immune to petrification.
You are immune to rotting.


Message History

You closely miss the orc priest.
The orc priest is lightly wounded.
The orc wizard casts a spell.
The orc wizard blinks!
The orc hits you with a hand axe. You block the orc's attack.
The orc priest invokes the aid of Beogh against you.
Beogh smites you!
You hit the orc priest but do no damage.
The orc priest is lightly wounded.
The orc wizard points at you and mumbles some strange words.
The magic dart hits you! The orc hits you but does no damage. x2
The orc priest looks braver for a moment.
The orc wizard casts a spell.
The orc wizard blinks!
The orc hits you but does no damage.
The orc wizard gestures wildly while chanting.
The orc wizard blinks!
You block the orc's attack.
The orc priest mumbles some strange prayers to Beogh against you.
Beogh smites you!
You die...

#..#...........#####...
#......................
#..###.#.......####....
#..###.#.####### #....
#......#.# #.#+#
##.#####.##########.#.#
#.###..............#.#
#>..'........#####.#.#
#####@....o.. #.#.#
#.o...... #.#.#
#oo§..... #.#.#
#.......#.####.#..
#....§.[#.........
#!......#.........
..................
#.......#.........
#.......#.........


You could see an orc priest, an orc wizard and 2 orcs.

Vanquished Creatures
  A crimson imp (D:3)
  A hound (D:4)
  Robin (D:2)
  3 adders
  An ooze (D:1)
  A worm (D:3)
  2 dart slugs
  4 giant geckos
  10 orcs (D:3)
  3 ball pythons
  7 bats
  2 giant cockroaches
  13 goblins
  9 hobgoblins
  4 jackals (D:1)
  5 kobolds
  5 giant newts
  4 rats
76 creatures vanquished.

Notes
Turn   | Place    | Note
--------------------------------------------------------------
     0 | D:1      | Scarto the Gargoyle Fighter began the quest for the Orb.
     0 | D:1      | Reached XP level 1. HP: 14/14 MP: 1/1
    91 | D:1      | Reached XP level 2. HP: 17/19 MP: 2/2
   427 | D:1      | Reached XP level 3. HP: 24/24 MP: 3/3
   717 | D:2      | Found a faded altar to an unknown god.
   857 | D:2      | Noticed Robin
   881 | D:2      | Reached skill level 4 in Shields
   893 | D:2      | Reached XP level 4. HP: 20/29 MP: 4/4
   923 | D:2      | Killed Robin
  1155 | D:2      | Found a shadowy altar of Dithmenos.
  1482 | D:3      | Reached skill level 1 in Dodging
  1560 | D:3      | Reached XP level 5. HP: 33/33 MP: 5/5
  1918 | D:3      | Found an iron altar of Okawaru.
  2252 | D:4      | Reached skill level 5 in Shields
  2300 | D:4      | Killed from afar by an orc priest

Skill      XL: |  1  2  3  4  5 |
---------------+----------------+-----
Shields        | 4 5 |  5.0
Armour         | 4 |  4.3
Dodging        | 1 |  1.2
Fighting       | 4 |  4.1
Maces & Flails | |  2.6
Stealth        | |  0.2

Action                   |  1- 3 |  4- 6 || total
-------------------------+-------+-------++-------
Melee: Flail             |    53 |       ||    53
       Whip              |    58 |   175 ||   233
  Use: Scroll            |       |     7 ||     7
  Eat: Bread ration      |       |     2 ||     2
Armor: Scale mail        |    40 |       ||    40
       Chain mail        |    37 |    82 ||   119
Dodge: Dodged            |    33 |    19 ||    52
Block: Shield            |    66 |    97 ||   163
